 Dungeon Crawl Stone Soup version 0.21-a0-19-g210df22 (webtiles) character file.

35635 kuniqs the Blocker (level 13, -3/72 HPs)
             Began as a Vine Stalker Fighter on May 24, 2017.
             Was a High Priest of Uskayaw.
             Killed by divine providence
             ... invoked by a meliai
              (7 damage)
             ... on level 15 of the Dungeon.
             The game lasted 00:24:33 (12925 turns).

kuniqs the Blocker (Vine Stalker Fighter)          Turns: 12925, Time: 00:24:34

Health: -3/72      AC: 22    Str: 25    XL:     13   Next: 85%
Magic:  0/15       EV: 14    Int:  8    God:    Uskayaw [*****.]
Gold:   506        SH: 10    Dex: 15    Spells: 12/12 levels left

rFire    . . .     SeeInvis +   r - +3 short sword (speed)
rCold    . . .     Gourm    +   M - +3 buckler "Forget-Me-Not" {Regen+}
rNeg     + . .     Faith    .   t - +2 chain mail of Baldness {rElec}
rPois    +         Spirit   +   l - +0 helmet
rElec    +         Reflect  .   a - +1 cloak {rPois}
rCorr    .         Harm     .   A - +0 pair of gloves
MR       +....                  P - +2 pair of boots
Stlth    ..........             h - amulet of the gourmand
Regen    1.5/turn               u - ring of see invisible
MPRegen  0.2/turn               K - ring of positive energy

@: hasted, very quick
A: fangs 3, high mp 1, regeneration 2, strong 1, magic shield, antimagic bite,
no potion heal 3, rot immunity
a: Stomp, Line Pass, Grand Finale, Renounce Religion


You were on level 15 of the Dungeon.
You worshipped Uskayaw.
Uskayaw was noncommittal.
You were very full.

You visited 2 branches of the dungeon, and saw 16 of its levels.
You also visited: Ice Cave.

You collected 855 gold pieces.
You spent 349 gold pieces at shops.

Inventory:

Hand Weapons
 r - a +3 short sword of speed (weapon)
Armour
 a - a +1 cloak of poison resistance (worn)
 c - a +1 shield
 l - a +0 helmet (worn)
 t - the +2 chain mail of Baldness (worn) {rElec}
   (You found it on level 5 of the Dungeon)

   It insulates you from electricity.
 A - a +0 pair of gloves (worn)
 M - the +3 buckler "Forget-Me-Not" (worn) {Regen+}
   (You found it in an ice cave)

   It increases your rate of regeneration.
 P - a +2 pair of boots (worn)
Jewellery
 b - an uncursed ring of fire
 h - an amulet of the gourmand (around neck)
 u - a ring of see invisible (left hand)
 K - a ring of positive energy (right hand)
Wands
 g - a wand of digging (10/24)
 o - a wand of random effects (28/48)
 w - a wand of iceblast (2/15)
 H - a wand of enslavement (6/24)
 Q - a wand of paralysis (5/24)
Scrolls
 k - 4 scrolls of teleportation
 m - 6 scrolls of recharging
 n - 2 scrolls of enchant armour
 p - 11 scrolls of remove curse {@r2}
 s - a scroll of blinking {unknown}
 v - 2 scrolls of enchant weapon
 x - 2 scrolls of fog
 y - a scroll of random uselessness {unknown}
 z - a scroll of holy word
 B - a scroll of magic mapping
 C - a scroll of torment {unknown}
 D - 5 scrolls of identify {@r1}
 F - a scroll of immolation
 J - a scroll of noise {unknown}
 O - 2 scrolls of fear {unknown}
Potions
 q - 2 potions of might
 G - a potion of cancellation
 L - a potion of flight
 N - 2 potions of curing {@q1}
Miscellaneous
 E - a box of beasts
 I - a phial of floods
Comestibles
 d - 8 bread rations
 e - 4 meat rations
 f - 24 fruits
 j - 15 royal jellies


   Skills:
 + Level 10.0 Fighting
 + Level 9.9 Short Blades
 + Level 9.3 Armour
 + Level 8.7 Dodging
 + Level 10.4 Shields


You had 12 spell levels left.
You didn't know any spells.

Dungeon Overview and Level Annotations

Branches:
Dungeon (15/15)            Temple (1/1) D:7            Lair (0/6) D:11
    Orc (0/2) D:9          Vaults (0/5) D:14
 Depths: D:15

Altars:
Ashenzari
Cheibriados
Dithmenos
Fedhas
Hepliaklqana
Kikubaaqudgha
Makhleb
Nemelex Xobeh
Okawaru
Qazlal
Ru
Sif Muna
Trog
Uskayaw
Vehumet
Xom
Yredelemnul
Zin
The Shining One

Shops:
D:9 (*   D:10 %*!   D:11 }

Annotations:
D:9 exclusion: oklob plant


Innate Abilities, Weirdness & Mutations

You have razor-sharp teeth.
You heal very quickly.
When hurt, damage is shared between your health and your magic reserves.
Your bite disrupts and absorbs the magic of your enemies.
Potions cannot restore your health.
You are immune to rotting.
You have an increased reservoir of magic. (+10% MP)
Your muscles are strong. (Str +2)


Message History

The meliai hits you but does no damage.
The meliai stings you but does no damage.
You hit the meliai. You bite the meliai! You drain its power.
The meliai hits you but does no damage. You block the meliai's attack.
Uskayaw will force your foes to share their pain.
Uskayaw links your audience in an emotional bond!
You hit the meliai. Your bite misses the meliai. The meliai misses you.
The meliai stings you!
* * * LOW HITPOINT WARNING * * *
You hit the meliai.
You kill the meliai!
The meliai calls down the wrath of its god upon you.
Something smites you!
* * * LOW HITPOINT WARNING * * *
You puncture the meliai! You bite the meliai, but do no damage.
You can now merge with and destroy a victim.
You hit the meliai. Your bite misses the meliai.
The meliai calls down the wrath of its god upon you.
Something smites you!
You die...

..... #.# ...... .....#
#.##..._....##
....###............
#................#
#..........#..#..# #
+................# .# ###
#(..(......###..#####.# #..
#........))#..........#.#.#
#(.(.....y@.............#.#
##(########....(....# #.#
.# #)# #.......### #.#
........c.#
##.....(#######.#
#.#.#.#?## #######.)).....#
.. ...... #.######.. .# #c#
#.# #.# #.# ... ... #.# #..
#.# #.# #.# #...


You could see a meliai.

Vanquished Creatures
  Azrael (D:12)
  Snorg (D:12)
  Erolcha (D:11)
  A vault guard (D:14)
  4 hydras
  5 centaur warriors
  4 two-headed ogres
  2 unseen horrors (D:13)
  Pikel (D:8)
  A wolf spider zombie (D:13)
  3 ugly things
  2 cyclopes (D:13)
  Joseph (D:7)
  2 centaur zombies
  A kobold demonologist (D:12)
  A komodo dragon (D:12)
  A tengu conjurer (D:13)
  4 trolls
  2 meliai (D:15)
  2 dream sheep (D:11)
  5 hippogriffs
  A hornet (D:12)
  A vampire (D:13)
  2 wraiths
  21 yaks
  4 fire elementals (D:12)
  2 hungry ghosts
  Grum (D:8)
  Menkaure (D:7)
  A vampire mosquito (D:14)
  2 wargs
  4 hell hounds (D:12)
  2 water moccasins
  2 sky beasts
  6 orc warriors
  19 ice beasts
  An eye of draining (D:13)
  A necrophage (D:14)
  10 ogres
  4 slaves (D:8)
  A phantom (D:9)
  11 centaurs
  3 wolves (D:8)
  A crocodile (D:11)
  8 big kobolds
  8 bullfrogs
  2 wyvern zombies
  A gnoll sergeant (D:6)
  4 scorpions
  17 killer bees
  15 wights
  2 howler monkeys (D:12)
  9 crimson imps
  2 quasits
  2 jellies
  A bullfrog zombie (D:11)
  5 bullfrog skeletons
  6 centaur skeletons
  6 hounds
  Crazy Yiuf (D:5)
  An orc priest (D:11)
  A gnoll shaman (D:7)
  11 orc wizards
  6 iguanas
  5 worker ants
  Robin (D:4)
  8 gnolls
  12 adders
  5 shadow imps
  An ooze (D:5)
  4 adder zombies
  3 adder skeletons
  5 worms
  3 dart slugs
  2 leopard geckos
  50 orcs
  7 bats
  4 giant cockroaches
  13 goblins
  11 hobgoblins
  3 jackals (D:4)
  31 kobolds
  6 quokkas
  4 ball pythons
  7 frilled lizards
  A giant cockroach zombie (D:5)
  A leopard gecko skeleton (D:5)
  A leopard gecko zombie (D:5)
  6 rats
448 creatures vanquished.

Vanquished Creatures (others)
  An unseen horror (D:15)
  A yak (D:11)
  An orc (D:11)
3 creatures vanquished.

Grand Total: 451 creatures vanquished

Notes
Turn   | Place    | Note
-------+----------+-------------------------------------------
     0 | D:1      | kuniqs the Vine Stalker Fighter began the quest for the Orb.
     0 | D:1      | Reached XP level 1. HP: 11/11 MP: 2/2
     9 | D:1      | Noticed a bullfrog
   248 | D:1      | Reached XP level 2. HP: 12/16 MP: 3/3
   679 | D:1      | You fall through a shaft!
   751 | D:2      | Reached XP level 3. HP: 15/19 MP: 4/4
  1367 | D:2      | Reached skill level 1 in Dodging
  1373 | D:2      | Gained mutation: Your natural rate of healing is unusually fast. [Vine Stalker growth]
  1373 | D:2      | Reached XP level 4. HP: 22/24 MP: 5/5
  1941 | D:3      | Noticed a centaur
  1948 | D:3      | Killed a centaur
  1948 | D:3      | Reached XP level 5. HP: 19/28 MP: 6/6
  2190 | D:3      | Found a shimmering altar of Xom.
  2352 | D:3      | Found a burning altar of Makhleb.
  2413 | D:3      | Found a shattered altar of Ashenzari.
  2442 | D:3      | Reached XP level 6. HP: 32/32 MP: 7/7
  2739 | D:4      | Noticed Robin
  2743 | D:4      | Killed Robin
  3000 | D:4      | Reached XP level 7. HP: 30/37 MP: 6/8
  3126 | D:4      | Found a sacrificial altar of Ru.
  3236 | D:4      | Found a shadowy altar of Dithmenos.
  3405 | D:4      | Found a stormy altar of Qazlal.
  3602 | D:5      | Entered Level 5 of the Dungeon
  3749 | D:5      | Gained mutation: You have razor-sharp teeth. [Vine Stalker growth]
  3749 | D:5      | Reached XP level 8. HP: 33/42 MP: 7/9
  3788 | D:5      | Identified the +2 chain mail of Baldness {rElec} (You found it on level 5 of the Dungeon)
  3977 | D:5      | Found a shimmering altar of Xom.
  3978 | D:5      | Gained mutation: Scrolls take you a little longer to read. [potion of mutation]
  3978 | D:5      | Gained mutation: Your body sometimes deteriorates upon taking damage. [potion of mutation]
  3978 | D:5      | Gained mutation: Your magical capacity is low. (-10% MP) [potion of mutation]
  3978 | D:5      | Gained mutation: You are partially covered in yellow scales. (AC +2) [potion of mutation]
  3979 | D:5      | Lost mutation: Scrolls take you a little longer to read. [potion of mutation]
  3979 | D:5      | Lost mutation: Your body sometimes deteriorates upon taking damage. [potion of mutation]
  3979 | D:5      | Lost mutation: Your magical capacity is low. (-10% MP) [potion of mutation]
  3979 | D:5      | Gained mutation: You have large cloven feet. [potion of mutation]
  3979 | D:5      | Gained mutation: Armour fits poorly on your strangely shaped body. [potion of mutation]
  3979 | D:5      | Gained mutation: You can translocate small distances at will. [potion of mutation]
  3980 | D:5      | Found a shimmering altar of Xom.
  3981 | D:5      | Found a shimmering altar of Xom.
  3982 | D:5      | Found a shimmering altar of Xom.
  3984 | D:5      | Found a shimmering altar of Xom.
  3984 | D:5      | Found a shimmering altar of Xom.
  3986 | D:5      | Found a shimmering altar of Xom.
  3986 | D:5      | You fall through a shaft for 2 floors!
  4050 | D:7      | Found a snail-covered altar of Cheibriados.
  4078 | D:7      | Noticed Joseph
  4106 | D:7      | Killed Joseph
  4106 | D:7      | Reached skill level 5 in Fighting
  4106 | D:7      | Reached skill level 5 in Shields
  4297 | D:7      | Reached skill level 5 in Short Blades
  4297 | D:7      | Reached XP level 9. HP: 25/47 MP: 10/10
  4883 | D:5      | Found a runed door.
  4887 | D:5      | Noticed Crazy Yiuf
  4892 | D:5      | Killed Crazy Yiuf
  5253 | D:6      | Found a blossoming altar of Fedhas.
  5259 | D:6      | Found a glowing golden altar of the Shining One.
  5265 | D:6      | Found a deep blue altar of Sif Muna.
  5337 | D:6      | Reached skill level 5 in Armour
  5647 | D:7      | Noticed Menkaure
  5656 | D:7      | Killed Menkaure
  5681 | D:7      | Found a staircase to the Ecumenical Temple.
  6046 | Temple   | Entered the Ecumenical Temple
  6065 | Temple   | Became a worshipper of Uskayaw the Reveler
  6129 | D:8      | Noticed Grum
  6134 | D:8      | Reached * piety under Uskayaw
  6144 | D:8      | Reached ** piety under Uskayaw
  6147 | D:8      | Reached *** piety under Uskayaw
  6149 | D:8      | Reached skill level 5 in Dodging
  6149 | D:8      | Reached XP level 10. HP: 35/53 MP: 8/11
  6149 | D:8      | Reached **** piety under Uskayaw
  6159 | D:8      | Reached ***** piety under Uskayaw
  6162 | D:8      | Killed Grum
  6320 | D:8      | Noticed Pikel
  6340 | D:8      | Killed Pikel
  6416 | D:8      | Found a radiant altar of Vehumet.
  6425 | D:8      | Noticed a two-headed ogre
  6438 | D:8      | Killed a two-headed ogre
  6606 | D:8      | Noticed a two-headed ogre
  6616 | D:8      | Killed a two-headed ogre
  6946 | D:9      | Found a staircase to the Orcish Mines.
  6962 | D:9      | Found Kiupeeleu's Weapon Shoppe.
  7044 | D:9      | Reached XP level 11. HP: 51/58 MP: 12/12
  7046 | D:9      | Found Xenaming's Assorted Antiques.
  7054 | D:9      | Bought a crude ring mail for 279 gold pieces
  7054 | D:9      | Bought a lumpy dark potion for 27 gold pieces
  7054 | D:9      | Identified the +1 ring mail of the Cast Vote {Int+7} (You bought it in a shop on level 9 of the Dungeon)
  7100 | D:9      | Found a basalt altar of Yredelemnul.
  7435 | D:9      | Found an ancient bone altar of Kikubaaqudgha.
  7548 | D:9      | Found a blossoming altar of Fedhas.
  7571 | D:9      | Noticed an oklob plant
  7850 | D:10     | Entered Level 10 of the Dungeon
  7873 | D:10     | Noticed a two-headed ogre
  7892 | D:10     | Killed a two-headed ogre
  7952 | D:10     | Found Guppooc's Assorted Antiques.
  7962 | D:10     | Bought a scroll labeled REIWNO LEPT for 29 gold pieces
  8049 | D:10     | Found Daugaka's Food Emporium.
  8115 | D:10     | Found Ziolaogo's Distillery.
  8127 | D:10     | Bought a potion of degeneration for 14 gold pieces
  8859 | D:11     | Found a staircase to the Lair.
  9008 | D:11     | Noticed a seven-headed hydra
  9025 | D:11     | Killed a seven-headed hydra
  9045 | D:11     | Found Ziveawihutz's Gadget Emporium.
  9204 | D:11     | Noticed a three-headed hydra
  9212 | D:11     | Killed a three-headed hydra
  9212 | D:11     | Gained mutation: You heal very quickly. [Vine Stalker growth]
  9212 | D:11     | Reached XP level 12. HP: 39/65 MP: 7/13
  9413 | D:11     | Noticed a two-headed ogre
  9454 | D:11     | Killed a two-headed ogre
  9491 | D:11     | Noticed Erolcha
  9504 | D:11     | Killed Erolcha
 10052 | D:12     | Noticed Snorg
 10065 | D:12     | Killed Snorg
 10465 | D:12     | Noticed Azrael
 10496 | D:12     | Reached ****** piety under Uskayaw
 10505 | D:12     | Killed Azrael
 11014 | D:13     | Reached XP level 13. HP: 30/70 MP: 14/14
 11300 | D:13     | Lost mutation: You have large cloven feet. [potion of mutation]
 11300 | D:13     | Lost mutation: Armour fits poorly on your strangely shaped body. [potion of mutation]
 11300 | D:13     | Lost mutation: You are partially covered in yellow scales. (AC +2) [potion of mutation]
 11300 | D:13     | Lost mutation: You can translocate small distances at will. [potion of mutation]
 11300 | D:13     | Gained mutation: You have an increased reservoir of magic. (+10% MP) [potion of mutation]
 11300 | D:13     | Gained mutation: Your muscles are strong. (Str +2) [potion of mutation]
 11841 | D:14     | Noticed a vault guard
 11841 | D:14     | Found a gate to the Vaults.
 11865 | D:14     | Killed a vault guard
 11973 | D:14     | Reached skill level 10 in Shields
 12609 | D:15     | Entered Level 15 of the Dungeon
 12661 | D:15     | Found a frozen archway.
 12705 | IceCv    | Entered an ice cave
 12754 | IceCv    | Identified the +3 buckler "Forget-Me-Not" {Regen+} (You found it in an ice cave)
 12838 | D:15     | Found an ancient bone altar of Kikubaaqudgha.
 12889 | D:15     | Reached skill level 10 in Fighting
 12923 | D:15     | HP: 3/72 [meliai/divine providence (4)]
 12925 | D:15     | Killed from afar by a meliai

Vault maps used:
D:1:      evilmike_arrival_come_back, minmay_misc_feat_x, hex_tiny, minivault_14
D:2:      first_bread
D:3:      lemuel_coloured_pillars_altar, overflow_temple_1_default,
          lightli_temple_of_fire
D:4:      kennysheep_mini, kennysheep_little_box, lemuel_doored_altar,
          uniq_robin
D:5:      serial_undead, serial_undead_a, serial_undead_a, serial_undead_f,
          serial_undead_e, grunt_ministairs_15, xom_redecorated,
          uniq_crazy_yiuf_cottage
D:6:      minitemple
D:7:      cheibriados_altar_1, temple_doors_e, uniq_joseph, uniq_menkaure
D:8:      lemuel_round_altar, uniq_pikel, uniq_grum
D:9:      kennysheep_mini_moat, yredelemnul_altar_generic, orc_david_3,
          serial_shops, shop, tgw_fedhas
D:10:     serial_shops, nicolae_shop_crystal, nicolae_shop_statue_plus, shop
D:11:     erik_lair_orcish_takeover, serial_shops, shop, hangedman_ranch,
          uniq_erolcha
D:12:     grunt_ministairs_11, uniq_snorg, uniq_azrael
D:14:     david_vaults_5, columned_hall_lemuel
D:15:     grunt_enter_depths_hoard, portal_ice_cave_entry_ice_beasts,
          basic_altar, st_stairs_11, minmay_misc_feat_four_crosses
Temple:   compressed_dpeg_triangle_lava_temple
IceCv:    ice_cave_statue_garden_chambered

Skill      XL: |  1  2  3  4  5  6  7  8  9 10 11 12 13 |
---------------+----------------------------------------+-----
Short Blades   | 2 3 4 5 6 7 8 9 |  9.9
Fighting       | 3 4 5 6 7 8 9 10 | 10.0
Shields        | 3 4 5 6 7 8 9 10 | 10.4
Dodging        | 1 2 3 4 5 6 7 8 |  8.7
Armour         | 3 4 5 6 7 8 9 |  9.3

Action                   |  1- 3 |  4- 6 |  7- 9 | 10-12 | 13-15 || total
-------------------------+-------+-------+-------+-------+-------++-------
Melee: Rapier            |   118 |   152 |   184 |       |       ||   454
       Bite              |    29 |    35 |   160 |   358 |   210 ||   792
       Unarmed           |       |       |    36 |       |       ||    36
       Kick              |       |       |   122 |   369 |    26 ||   517
       Short sword       |       |       |   267 |   965 |   411 ||  1643
Evoke: Wand              |       |     2 |       |     1 |       ||     3
  Use: Scroll            |     5 |     5 |     5 |     8 |     1 ||    24
       Potion            |       |       |     4 |       |     2 ||     6
 Stab: Paralysed         |       |       |     2 |    50 |    21 ||    73
  Eat: Chunk             |     2 |    14 |    11 |    20 |    11 ||    58
Armor: Scale mail        |     8 |       |       |       |       ||     8
       Chain mail        |    48 |    14 |    94 |   178 |    76 ||   410
       Plate armour      |       |    35 |    20 |       |       ||    55
       Skin              |       |       |    49 |       |       ||    49
Dodge: Dodged            |    23 |    23 |    76 |   195 |    88 ||   405
Block: Shield            |    54 |    69 |   226 |   353 |   120 ||   822
       Buckler           |       |       |       |       |    18 ||    18
